 Dungeon Crawl Stone Soup version 0.18-a0-1805-g8ab820f (webtiles) character file.

53 UnknownArtist the Skirmisher (level 3, 0/31 HPs)
             Began as a Centaur Fighter on Apr 26, 2016.
             Succumbed to an adder's poison
             ... on level 4 of the Dungeon.
             The game lasted 00:06:06 (1534 turns).

UnknownArtist the Skirmisher (Centaur Fighter)      Turns: 1534, Time: 00:06:07

Health: 0/31       AC:  6    Str: 19    XL:     3   Next: 64%
Magic:  3/3        EV:  0    Int:  7    God:
Gold:   91         SH:  8    Dex:  8    Spells: 0 memorised, 2 levels left

rFire  . . .     SeeInvis .     a - +0 long sword
rCold  . . .     Gourm    .     b - +0 scale mail
rNeg   . . .     Faith    .     c - +0 shield
rPois  .         Spirit   .     (no helmet)
rElec  .         Dismiss  .     (no cloak)
rCorr  .         Reflect  .     (no gloves)
SustAt .         Harm     .     (no barding)
MR     .....                    (no amulet)
Stlth  ..........               (no ring)
                                (no ring)

@: lethally poisoned (0 -> -10), very quick, not resistant to hostile
enchantments, extremely unstealthy
A: hooves 3, deformed body, speed 2, tough skin 3
a: no special abilities


You were on level 4 of the Dungeon.
You were very hungry.

You visited 1 branch of the dungeon, and saw 4 of its levels.

You collected 91 gold pieces.

Inventory:

Hand Weapons
 a - a +0 long sword (weapon)
Armour
 b - a +0 scale mail (worn)
 c - a +0 shield (worn)
 k - a +0 ring mail
Scrolls
 h - a scroll of identify {unknown}
 i - a scroll of random uselessness {unknown}
 j - 2 scrolls of noise {unknown}
Potions
 d - a potion of might
 e - a potion of agility
 m - 2 potions of flight {unknown}
Comestibles
 f - 2 bread rations
 g - 2 fruits
 l - a meat ration


   Skills:
 + Level 3.2 Fighting
 + Level 1.8 Long Blades
 + Level 2.5 Armour
 + Level 1.2 Dodging
 + Level 2.5 Shields


You had 2 spell levels left.
You didn't know any spells.

Dungeon Overview and Level Annotations

Branches:
Dungeon (4/15)
 Temple: D:4-7

Altars:

Annotations:
D:2 Sigmund
D:4 Dowan, Duvessa


Innate Abilities, Weirdness & Mutations

You have hooves in place of feet.
Armour fits poorly on your strangely shaped body.
You cover ground very quickly.
You have extremely tough skin (AC +3).


Message History

You feel sick.
* * * LOW HITPOINT WARNING * * *
You feel sick.
* * * LOW HITPOINT WARNING * * *
You feel sick.
* * * LOW HITPOINT WARNING * * *
You feel sick. The adder barely misses you.
* * * LOW HITPOINT WARNING * * *
You feel sick.
* * * LOW HITPOINT WARNING * * *
You feel sick. The adder bites you but does no damage.
There is a stone staircase leading down here.
* * * LOW HITPOINT WARNING * * *
You feel sick.
The adder bites you but does no damage. x2
You climb downwards.
An orc, Duvessa, Dowan and a howler monkey come into view.
Duvessa shouts!
The howler monkey howls!
Found a stone staircase leading down.
There is a stone staircase leading up here.
You die...

# .#
#####.#####
#..S..>h...
#..@S......
#..##.#####
#.. # ..e.
###.. #..
..e o#.


You could see Duvessa, Dowan, a howler monkey, 2 adders and an orc.

Vanquished Creatures
  An adder (D:2)
  An ooze (D:1)
  A worm (D:2)
  A dart slug (D:1)
  9 bats
  A giant cockroach (D:1)
  5 goblins
  5 hobgoblins (D:1)
  6 kobolds
  A giant newt (D:1)
  3 rats
34 creatures vanquished.

Notes
Turn   | Place    | Note
--------------------------------------------------------------
     0 | D:1      | UnknownArtist the Centaur Fighter began the quest for the Orb.
     0 | D:1      | Reached XP level 1. HP: 19/19 MP: 1/1
   113 | D:1      | Reached XP level 2. HP: 19/26 MP: 2/2
   719 | D:1      | Reached skill level 1 in Dodging
   727 | D:1      | Reached XP level 3. HP: 26/31 MP: 3/3
  1147 | D:2      | Noticed Sigmund
  1532 | D:3      | HP: 1/31 [poisoned by an adder]
  1533 | D:4      | Noticed Duvessa
  1533 | D:4      | Noticed Dowan
  1534 | D:4      | Succumbed to an adder's poison

Vault maps used:
D:1:      dpeg_arrival_ternary
D:2:      tgw_xom, first_bread, uniq_robin, uniq_sigmund
D:3:      zin_scriptorium, marbit_many_paths
D:4:      minmay_temple_entry_overgrown, kennysheep_generic_room_14,
          uniq_natasha, uniq_duvessa

Skill      XL: |  1  2 |
---------------+-------+-----
Dodging        | 1 |  1.2
Fighting       | |  3.2
Long Blades    | |  1.8
Armour         | |  2.5
Shields        | |  2.5

Action                   || total
-------------------------++-------
Melee: Long sword        ||   121
       Kick              ||    15
Armor: Scale mail        ||   112
Dodge: Dodged            ||    61
Block: Shield            ||    80
